| TOP OF THE 1ST |
|
Burlington Royals batting - Pitching for Elizabethton Twins : LHP Chris Smith
|
|
Pitching: LHP Chris Smith
|
|
|
Batting: RHB Shura Mogilny
|
0-0: Ball 1-0: Ball 2-0: Ball 3-0: Ground out 6-3 (Groundball, 6, EV 105.6 MPH)
|
|
Batting: RHB David Rubio
|
0-0: Called Strike 0-1: Ball 1-1: Called Strike 1-2: Ball 2-2: Foul Ball, location: 2F 2-2: SOLO HOME RUN (Flyball, 89XD, EV 98.1 MPH), Distance : 405 ft
|
|
Batting: RHB Hugo Chavez
|
0-0: Fly out, F9 (Flyball, 9S, EV 80.0 MPH)
|
|
Batting: RHB Tim Williams
|
0-0: Foul Ball, location: 2F 0-1: Foul Ball, location: 2F 0-2: Ball 1-2: Ball 2-2: Ball 3-2: Base on Balls
|
|
Batting: SHB Alex Cavazos
|
0-0: Ball 1-0: Ball 2-0: Ball 3-0: Called Strike 3-1: Called Strike 3-2: Strikes out swinging
|
| Top of the 1st over - 1 run, 1 hit, 0 errors, 1 left on base; Burlington 1 - Elizabethton 0 |
| BOTTOM OF THE 1ST |
|
Elizabethton Twins batting - Pitching for Burlington Royals : RHP Alex Rivas
|
|
Pitching: RHP Alex Rivas
|
|
|
Batting: RHB Fhil Mikrakin
|
0-0: Ball 1-0: Ball 2-0: Called Strike 2-1: Called Strike 2-2: SINGLE (Groundball, 6M, EV 96.2 MPH)
|
|
Batting: RHB Josh Harmon
|
0-0: Called Strike 0-1: Ball 1-1: 2-RUN HOME RUN (Flyball, 9D, EV 98.8 MPH), Distance : 370 ft
|
|
Batting: SHB Nadhir Umayr
|
0-0: Ball 1-0: DOUBLE (Line Drive, 9LM, EV 98.1 MPH)
|
|
Batting: LHB David Ramos
|
0-0: Called Strike 0-1: Ball 1-1: Ball 2-1: Swinging Strike 2-2: Strikes out swinging
|
|
Pitching: LHP Brett Reed
|
|
|
Batting: RHB Nestor Moreno
|
0-0: Ball 1-0: Foul Ball, location: 2F 1-1: Foul Ball, location: 2F 1-2: Ball 2-2: Strikes out swinging
|
|
Batting: RHB Kenny Reynolds
|
0-0: Ground out 4-3 (Groundball, 4, EV 100.0 MPH)
|
| Bottom of the 1st over - 2 runs, 3 hits, 0 errors, 1 left on base; Burlington 1 - Elizabethton 2 |
| TOP OF THE 2ND |
|
Burlington Royals batting - Pitching for Elizabethton Twins : LHP Chris Smith
|
|
Batting: LHB Jayden Pelayo
|
0-0: Ball 1-0: Swinging Strike 1-1: Ball 2-1: SOLO HOME RUN (Flyball, 9D, EV 98.8 MPH), Distance : 371 ft
|
|
Batting: RHB Masakuni Takeuchi
|
0-0: Ball 1-0: Fly out, F8 (Flyball, 8LD, EV 96.9 MPH)
|
|
Batting: RHB Jason Conner
|
0-0: SINGLE (Groundball, 6MD, EV 97.5 MPH)
|
|
Batting: RHB Juan Nieves
|
0-0: Swinging Strike 0-1: Ball 1-1: Foul Ball, location: 2F 1-2: Ball 2-2: Ball 3-2: Strikes out swinging
|
|
Batting: RHB Shura Mogilny
|
0-0: Foul Ball, location: 2F 0-1: Swinging Strike 0-2: Ball 1-2: Ball 2-2: Ball 3-2: Strikes out swinging
|
| Top of the 2nd over - 1 run, 2 hits, 0 errors, 1 left on base; Burlington 2 - Elizabethton 2 |
| BOTTOM OF THE 2ND |
|
Elizabethton Twins batting - Pitching for Burlington Royals : LHP Brett Reed
|
|
Batting: SHB Rodrigo Mendoza
|
0-0: Called Strike 0-1: Foul Ball, location: 2F 0-2: Foul Ball, location: 2F 0-2: Foul Ball, location: 2F 0-2: Foul Ball, location: 2F 0-2: Foul Ball, location: 2F 0-2: Ball 1-2: Ball 2-2: Ball 3-2: Strikes out looking
|
|
Batting: LHB Joey Zamora
|
0-0: Ball 1-0: Foul Ball, location: 2F 1-1: Fly out, F3 (Popup, 34, EV 70.0 MPH)
|
|
Batting: RHB Hisao Takei
|
0-0: Called Strike 0-1: Ball 1-1: Ball 2-1: Ball 3-1: DOUBLE (Groundball, 5L, EV 111.2 MPH)
|
|
Batting: RHB Fhil Mikrakin
|
0-0: Ball 1-0: Ball 2-0: Fly out, F7 (Flyball, 7D, EV 98.8 MPH)
|
| Bottom of the 2nd over - 0 runs, 1 hit, 0 errors, 1 left on base; Burlington 2 - Elizabethton 2 |
| TOP OF THE 3RD |
|
Burlington Royals batting - Pitching for Elizabethton Twins : LHP Chris Smith
|
|
Batting: RHB David Rubio
|
0-0: Ball 1-0: Ground out 5-3 (Groundball, 25, EV 79.4 MPH)
|
|
Batting: RHB Hugo Chavez
|
0-0: Ball 1-0: Ball 2-0: Fly out, F8 (Flyball, 89XD, EV 88.8 MPH)
|
|
Batting: RHB Tim Williams
|
0-0: Foul Ball, location: 2F 0-1: Called Strike 0-2: Strikes out swinging
|
| Top of the 3rd over - 0 runs, 0 hits, 0 errors, 0 left on base; Burlington 2 - Elizabethton 2 |
| BOTTOM OF THE 3RD |
|
Elizabethton Twins batting - Pitching for Burlington Royals : LHP Brett Reed
|
|
Batting: RHB Josh Harmon
|
0-0: Called Strike 0-1: Foul Ball, location: 2F 0-2: Foul Ball, location: 2F 0-2: Foul Ball, location: 2F 0-2: Foul Ball, location: 2F 0-2: Foul Ball, location: 2F 0-2: Hit by Pitch
|
|
Batting: SHB Nadhir Umayr
|
0-0: Hit by Pitch Josh Harmon to second
|
|
Batting: LHB David Ramos
|
0-0: Ball 1-0: Ball 2-0: Ball 3-0: Base on Balls Josh Harmon to third Nadhir Umayr to second
|
|
Batting: RHB Nestor Moreno
|
0-0: Called Strike 0-1: Called Strike 0-2: Ball 1-2: Foul Ball, location: 2F 1-2: Strikes out swinging
|
|
Batting: RHB Kenny Reynolds
|
0-0: Foul Ball, location: 2F 0-1: SINGLE (Line Drive, 56D, EV 100.6 MPH) Josh Harmon scores Nadhir Umayr to third David Ramos to second Runner from 3rd tries for Home, SAFE, throw by LF to home
|
|
Pitching: RHP Jordan Viveros
|
|
|
Batting: SHB Rodrigo Mendoza
|
0-0: Ball 1-0: Ball 2-0: Foul Ball, location: 2F 2-1: Ball 3-1: Base on Balls David Ramos to third Kenny Reynolds to second
|
|
Batting: LHB Joey Zamora
|
0-0: Ball 1-0: Swinging Strike 1-1: Swinging Strike 1-2: Foul Ball, location: 2F 1-2: Foul Ball, location: 2F 1-2: Fly out, F9 (Flyball, 9S, EV 76.9 MPH)
|
|
Batting: RHB Hisao Takei
|
0-0: Ball 1-0: Swinging Strike 1-1: Ball 2-1: Swinging Strike 2-2: Ball 3-2: Base on Balls David Ramos scores Kenny Reynolds to third Rodrigo Mendoza to second
|
|
Pitching: RHP Jerry Yusko
|
|
|
Batting: RHB Fhil Mikrakin
|
0-0: Called Strike 0-1: Ball 1-1: Swinging Strike 1-2: Strikes out swinging
|
| Bottom of the 3rd over - 3 runs, 1 hit, 0 errors, 3 left on base; Burlington 2 - Elizabethton 5 |
| TOP OF THE 4TH |
|
Burlington Royals batting - Pitching for Elizabethton Twins : LHP Chris Smith
|
|
Batting: SHB Alex Cavazos
|
0-0: Ball 1-0: Ball 2-0: Foul Ball, location: 2F 2-1: Fly out, F7 (Flyball, 7, EV 80.6 MPH)
|
|
Batting: LHB Jayden Pelayo
|
0-0: Foul Ball, location: 2F 0-1: SINGLE (Line Drive, 56D, EV 101.9 MPH)
|
|
Batting: RHB Masakuni Takeuchi
|
0-0: Foul Ball, location: 2F 0-1: Grounds into double play, 1-4-3 (Groundball, P, EV 65.0 MPH)
|
| Top of the 4th over - 0 runs, 1 hit, 0 errors, 0 left on base; Burlington 2 - Elizabethton 5 |
| BOTTOM OF THE 4TH |
|
Elizabethton Twins batting - Pitching for Burlington Royals : RHP Jerry Yusko
|
|
Batting: RHB Josh Harmon
|
0-0: Foul Ball, location: 2F 0-1: Ball 1-1: Foul Ball, location: 2F 1-2: Ball 2-2: Foul Ball, location: 2F 2-2: Ball 3-2: Foul Ball, location: 2F 3-2: Fly out, F8 (Flyball, 8LD, EV 98.8 MPH)
|
|
Batting: SHB Nadhir Umayr
|
0-0: Ground out 4-3 (Groundball, 4S, EV 69.4 MPH)
|
|
Batting: LHB David Ramos
|
0-0: Ball 1-0: SOLO HOME RUN (Flyball, 9D, EV 95.0 MPH), Distance : 362 ft
|
|
Batting: RHB Nestor Moreno
|
0-0: Foul Ball, location: 2F 0-1: Ball 1-1: Ball 2-1: Foul Ball, location: 2F 2-2: Ground out 6-3 (Groundball, 6, EV 81.9 MPH)
|
| Bottom of the 4th over - 1 run, 1 hit, 0 errors, 0 left on base; Burlington 2 - Elizabethton 6 |
| TOP OF THE 5TH |
|
Burlington Royals batting - Pitching for Elizabethton Twins : LHP Chris Smith
|
|
Batting: RHB Jason Conner
|
0-0: Foul Ball, location: 2F 0-1: Called Strike 0-2: Ball 1-2: Ball 2-2: Foul Ball, location: 2F 2-2: Foul Ball, location: 2F 2-2: Strikes out swinging
|
|
Batting: RHB Juan Nieves
|
0-0: Ball 1-0: Called Strike 1-1: Foul Ball, location: 2F 1-2: Ball 2-2: DOUBLE (Flyball, 89D, EV 90.6 MPH) - OUT at third base trying to stretch hit.
|
|
Batting: RHB Shura Mogilny
|
0-0: Called Strike 0-1: Foul Ball, location: 2F 0-2: Foul Ball, location: 2F 0-2: Ball 1-2: Strikes out swinging
|
| Top of the 5th over - 0 runs, 1 hit, 0 errors, 0 left on base; Burlington 2 - Elizabethton 6 |
| BOTTOM OF THE 5TH |
|
Elizabethton Twins batting - Pitching for Burlington Royals : RHP Jerry Yusko
|
|
Batting: RHB Kenny Reynolds
|
0-0: Ball 1-0: Foul Ball, location: 2F 1-1: SINGLE (Groundball, 4MD, EV 94.4 MPH)
|
|
Batting: SHB Rodrigo Mendoza
|
0-0: Called Strike 0-1: Swinging Strike 0-2: Strikes out swinging
|
|
Batting: LHB Joey Zamora
|
0-0: Called Strike 0-1: DOUBLE (Flyball, 89D, EV 93.1 MPH) Kenny Reynolds to third
|
|
Batting: RHB Hisao Takei
|
0-0: Called Strike 0-1: Ball 1-1: Called Strike 1-2: Strikes out swinging
|
|
Batting: RHB Fhil Mikrakin
|
0-0: Foul Ball, location: 2F 0-1: Ball 1-1: SINGLE (Groundball, 6S, EV 67.5 MPH) (infield hit) Kenny Reynolds scores Joey Zamora to third
|
|
Batting: RHB Josh Harmon
|
0-0: Ball 1-0: Swinging Strike 1-1: Called Strike 1-2: SINGLE (Groundball, 56D, EV 103.1 MPH) Joey Zamora scores Fhil Mikrakin to second Runner from 2nd tries for 3rd, SAFE, throw by LF made to third
|
|
Batting: SHB Nadhir Umayr
|
0-0: Foul Ball, location: 2F 0-1: Ball 1-1: Ball 2-1: Foul Ball, location: 2F 2-2: Ball 3-2: Ground out U3 (Groundball, 3, EV 84.4 MPH)
|
| Bottom of the 5th over - 2 runs, 4 hits, 0 errors, 2 left on base; Burlington 2 - Elizabethton 8 |
| TOP OF THE 6TH |
|
Burlington Royals batting - Pitching for Elizabethton Twins : LHP Chris Smith
|
|
Batting: RHB David Rubio
|
0-0: Called Strike 0-1: Ball 1-1: Called Strike 1-2: Foul Ball, location: 2F 1-2: Strikes out swinging
|
|
Pitching: RHP Miguel Montelongo
|
|
|
Batting: RHB Hugo Chavez
|
0-0: Ball 1-0: Called Strike 1-1: Foul Ball, location: 2F 1-2: Ball 2-2: Strikes out swinging
|
|
Batting: RHB Tim Williams
|
0-0: Ball 1-0: Called Strike 1-1: Ground out 6-3 (Groundball, 6, EV 101.2 MPH)
|
| Top of the 6th over - 0 runs, 0 hits, 0 errors, 0 left on base; Burlington 2 - Elizabethton 8 |
| BOTTOM OF THE 6TH |
|
Elizabethton Twins batting - Pitching for Burlington Royals : RHP Jerry Yusko
|
|
Batting: LHB David Ramos
|
0-0: Ground out 6-3 (Groundball, 4M, EV 81.2 MPH)
|
|
Batting: RHB Nestor Moreno
|
0-0: SOLO HOME RUN (Line Drive, 78XD, EV 106.2 MPH), Distance : 404 ft
|
|
Batting: RHB Kenny Reynolds
|
0-0: Ground out U3 (Groundball, 13, EV 85.6 MPH)
|
|
Batting: SHB Rodrigo Mendoza
|
0-0: Called Strike 0-1: Hit by Pitch
|
|
Pitching: LHP Ken Milhouse
|
|
|
Batting: LHB Joey Zamora
|
0-0: Ball 1-0: Called Strike Rodrigo Mendoza is caught stealing 2nd base 2-6
|
| Bottom of the 6th over - 1 run, 1 hit, 0 errors, 0 left on base; Burlington 2 - Elizabethton 9 |
| TOP OF THE 7TH |
|
Burlington Royals batting - Pitching for Elizabethton Twins : RHP Miguel Montelongo
|
|
Pinch Hitting: RHB Dermott Ayliffe
|
0-0: Ball 1-0: Ball 2-0: Ball 3-0: Called Strike 3-1: Fly out, F4 (Popup, 34D, EV 55.6 MPH)
|
|
Batting: LHB Jayden Pelayo
|
0-0: Foul Ball, location: 2F 0-1: Swinging Strike 0-2: Foul Ball, location: 2F 0-2: Strikes out looking
|
|
Batting: RHB Masakuni Takeuchi
|
0-0: Called Strike 0-1: Ball 1-1: Swinging Strike 1-2: Strikes out looking
|
| Top of the 7th over - 0 runs, 0 hits, 0 errors, 0 left on base; Burlington 2 - Elizabethton 9 |
| BOTTOM OF THE 7TH |
|
Elizabethton Twins batting - Pitching for Burlington Royals : LHP Ken Milhouse
|
|
Now in CF: Glenn Harrison
|
|
|
Now in RF: Shura Mogilny
|
|
|
Batting: LHB Joey Zamora
|
0-0: Called Strike 0-1: Ground out 4-3 (Groundball, 4, EV 91.2 MPH)
|
|
Batting: RHB Hisao Takei
|
0-0: Called Strike 0-1: Ball 1-1: Ground out 6-3 (Groundball, 6M, EV 82.5 MPH)
|
|
Batting: RHB Fhil Mikrakin
|
0-0: Ball 1-0: Ball 2-0: Ball 3-0: Base on Balls
|
|
Batting: RHB Josh Harmon
|
0-0: Ball 1-0: Foul Ball, location: 2F 1-1: Ball 2-1: Called Strike Fhil Mikrakin steals 2nd base 2-2: Fly out, F4 (Popup, 34, EV 64.4 MPH)
|
| Bottom of the 7th over - 0 runs, 0 hits, 0 errors, 1 left on base; Burlington 2 - Elizabethton 9 |
| TOP OF THE 8TH |
|
Burlington Royals batting - Pitching for Elizabethton Twins : RHP Miguel Montelongo
|
|
Pitching: LHP Choji Tominaga
|
|
|
Batting: RHB Jason Conner
|
0-0: Ball 1-0: Ground out 6-3 (Groundball, 6, EV 89.4 MPH)
|
|
Batting: RHB Juan Nieves
|
0-0: Called Strike 0-1: Ball 1-1: Ball 2-1: Foul Ball, location: 2F 2-2: Ball 3-2: Strikes out swinging
|
|
Batting: RHB Shura Mogilny
|
0-0: Ball 1-0: Reached on error, E4 (Groundball, 4S, EV 83.1 MPH)
|
|
Batting: RHB David Rubio
|
0-0: Called Strike 0-1: Fielders Choice at 2nd, 6-4 (Groundball, 6, EV 80.0 MPH)
|
| Top of the 8th over - 0 runs, 0 hits, 1 error, 1 left on base; Burlington 2 - Elizabethton 9 |
| BOTTOM OF THE 8TH |
|
Elizabethton Twins batting - Pitching for Burlington Royals : LHP Ken Milhouse
|
|
Pinch Hitting: RHB Karel Braaksma
|
0-0: Called Strike 0-1: Ball 1-1: Swinging Strike 1-2: Foul Ball, location: 2F 1-2: Strikes out swinging
|
|
Batting: LHB David Ramos
|
0-0: Ball 1-0: Foul Ball, location: 2F 1-1: Ball 2-1: Foul Ball, location: 2F 2-2: SINGLE (Flyball, 3D, EV 86.9 MPH)
|
|
Pinch Hitting: LHB Bill Lorimer
|
0-0: Ball David Ramos is caught stealing 2nd base 2-6 1-0: Called Strike 1-1: Swinging Strike 1-2: Ground out 4-3 (Groundball, 4, EV 78.1 MPH)
|
| Bottom of the 8th over - 0 runs, 1 hit, 0 errors, 0 left on base; Burlington 2 - Elizabethton 9 |
| TOP OF THE 9TH |
|
Burlington Royals batting - Pitching for Elizabethton Twins : LHP Choji Tominaga
|
|
Now at 1B: Jorge Corte
|
|
|
Now in CF: Bill Lorimer
|
|
|
Pinch Hitting: RHB Carlos Castillo
|
0-0: Called Strike 0-1: Called Strike 0-2: Ball 1-2: Ball 2-2: Ground out 2-3 (Groundball, 15S, EV 66.9 MPH)
|
|
Batting: RHB Tim Williams
|
0-0: Called Strike 0-1: Ball 1-1: Reached on error, E4 (Groundball, 4, EV 108.1 MPH)
|
|
Pinch Hitting: RHB Robert Carlos
|
0-0: Ball 1-0: Ball Wild Pitch! Tim Williams to third 2-0: Ball 3-0: Base on Balls
|
|
Batting: LHB Jayden Pelayo
|
0-0: Ball 1-0: Foul Ball, location: 2F 1-1: Called Strike 1-2: Ball 2-2: Foul Ball, location: 2F 2-2: SINGLE (Groundball, 34S, EV 73.1 MPH) (infield hit) Robert Carlos to second
|
|
Batting: RHB Masakuni Takeuchi
|
0-0: Called Strike 0-1: Ball 1-1: Swinging Strike 1-2: Ball 2-2: Foul Ball, location: 2F 2-2: Fielders Choice at 2nd, 5-4 (Groundball, 56, EV 85.6 MPH) Tim Williams scores Robert Carlos to third
|
|
Batting: RHB Jason Conner
|
0-0: Swinging Strike 0-1: Called Strike 0-2: Ball 1-2: Ball 2-2: Strikes out swinging
|
| Top of the 9th over - 1 run, 1 hit, 1 error, 2 left on base; Burlington 3 - Elizabethton 9 |
|